AoeStats
← King Bili

African Clearing

506997728Analyzed
3v3 RM · 15d ago on Sep 16, 2026· 29m 56s· 6 players
Game mode
Random Map
Map size
Normal (6 player)
Population
200
Speed
Normal
Resources
Standard
Victory
Conquest
Starting age
Dark Age
Ending age
Imperial Age
RankedLock teamsTeams togetherTeam positionsShared explorationLock speedFull tech treeHidden civsTurbo modeCheats
Victory
Defeat
🇨🇱 Spanish · Chile
1164
+12
🇲🇽 Hindustanis · Mexico
1095
+15
🇦🇷 Franks · Argentina
1094
+16
🇲🇽 Vietnamese · Mexico
1209
-19
🇪🇨 Lithuanians · Ecuador
1018
-12
🇨🇴 Persians · Colombia
1010
-12
El viejo7335
6:31 Loom
13:32 Feudal Age
22:00 Castle Age
20:18 Horse Collar
21:24 Double-Bit Axe
22:02 Stone Mining
22:06 Gold Mining
23:40 Husbandry
23:48 Heavy Plow
29:07 Bow Saw
Covid
10:20 Loom
13:28 Feudal Age
14:14 Loom
17:11 Gold Mining
19:31 Castle Age
17:22 Double-Bit Axe
19:35 Scale Barding Armor
19:41 Forging
20:39 Chain Barding Armor
24:39 Wheelbarrow
King Bili
5:33 Loom
16:15 Feudal Age
20:19 Castle Age
25:36 Town Watch
Ux'RaulitoMD
3:39 Loom
14:15 Feudal Age
15:06 Double-Bit Axe
15:06 Horse Collar
15:21 Gold Mining
18:04 Scale Mail Armor
18:15 Forging
17:57 Fletching
19:52 Bloodlines
INK | jimmbar
14:19 Feudal Age
16:21 Double-Bit Axe
20:59 Forging
24:23 Castle Age
A4R0N
10:23 Loom
12:32 Feudal Age
17:52 Castle Age
16:30 Double-Bit Axe
17:43 Scale Barding Armor
18:42 Bow Saw
20:24 Town Watch
24:29 Wheelbarrow
Connection lost

Rejoining the realm…

Still unreachable

The connection could not be restored.

Session expired

The server has moved on; the page needs a fresh start.